 Dungeon Crawl Stone Soup version 0.30.0-5-g1a98f26d00 (webtiles) character file.

Game seed: 5190236694930363640

4 RascalDebosk the Magician (level 1, -2/15 HPs)
             Began as a Djinni Enchanter on May 10, 2023.
             Slain by a quokka (4 damage)
             ... on level 1 of the Dungeon.
             The game lasted 00:01:05 (109 turns).

RascalDebosk the Magician (Djinni Enchanter)         Turns: 109, Time: 00:01:06

Health: -2/15      AC:  2    Str:  7    XL:     1   Next: 66%
Gold:   10         EV: 12    Int: 16    God:
                   SH:  0    Dex: 13

rFire   + + .        s - +1 dagger
rCold   x . .        (no shield)
rNeg    . . .        b - +0 robe
rPois   ∞            (no helmet)
rElec   .            (no cloak)
rCorr   .            (no gloves)
SInv    .            (boots unavailable)
Will    .....        (no amulet)
Stlth   ++           (no ring)
HPRegen 0.22/turn    (no ring)
MPRegen 0.00/turn

%: infuse magic (-3 HP)
@: flying
A: sickness immunity, fire resistance 2, cold vulnerability 1, float, innate
caster, HP casting, extra vitality 1
a: no special abilities


You were on level 1 of the Dungeon.
You visited 1 branch of the dungeon, and saw 1 of its levels.

You collected 10 gold pieces.

Inventory:

Hand Weapons
 s - a +1 dagger (weapon)
Armour
 b - a +0 robe (worn)
Potions
 a - a potion of attraction {unknown}
 c - 2 potions of invisibility


   Skills:
 - Level 0.8 Short Blades
 - Level 2.1 Dodging
 - Level 2.4 Stealth
 * Level 2.6 Spellcasting


You knew the following spells:

 Your Spells              Type           Power      Damage    Failure   Level
a - Ensorcelled Hibernat  Hex/Ice        20%        N/A       10%         2
b - Confusing Touch       Hex            10%        N/A       21%         3
c - Tukima's Dance        Hex            10%        N/A       21%         3
d - Dazzling Flash        Conj/Hex       20%        N/A       21%         3
Your spell library was empty.

Dungeon Overview and Level Annotations

Branches:
Dungeon (1/15)

Altars:


Innate Abilities, Weirdness & Mutations

You are immune to sickness and miasma.
You are immune to poison.
Your flesh is very heat resistant. (rF++)
You are vulnerable to cold. (rC-)
You float through the air rather than walking.
You learn spells naturally, not from books.
Your magical power is your life essence.
You have superior vitality. (+4 MHP)


Message History

Lua error: /dgldir/rcfiles/crawl-0.30/RascalDebosk.rc:334: '' expected near 'end' Welcome, RascalDebosk the Djinni Enchanter.
The wondrous Orb of Zot lies far below, as if waiting for you to find it.
Press ? for a list of commands and other information.
Found 5 stones.
Found a staircase leading out of the dungeon.
You begin with the following spells memorised: Ensorcelled Hibernation, Confusing Touch, Tukima's Dance, Dazzling Flash.
You see here 5 stones.
The imperial myrmidon shouts!
The hell rat roars deafeningly!
The basilisk hisses angrily.
The centaur shouts!
a - a fizzy yellow potion A goblin comes into view.
It is wielding a +0 club.
Found 10 gold pieces.
The goblin shouts!
You hit the goblin.
You kill the goblin!
You see here a +0 club.
You now have 10 gold pieces.
You reach down and open the door.
A goblin comes into view. It is wielding a +0 dagger.
There is an open door here.
The helpless goblin fails to defend itself.
You puncture the goblin!
You kill the goblin!
There is an open door here.
You are caught in the web!
There is a web here.
You disentangle yourself.
Found a faded altar of an unknown god.
You pick your way through the web.
There is a web here.
You see here a +0 club.
A rat comes into view.
Found 9 gold pieces.
A kobold comes into view. It is wielding a +0 dagger.
You hit the rat.
You kill the rat!
A quokka comes into view.
The kobold hits you but does no damage.
You hit the kobold.
The kobold is moderately wounded.
The kobold hits you with a +0 dagger.
You hit the kobold but do no damage.
The kobold is moderately wounded.
The kobold closely misses you.
You hit the kobold.
You kill the kobold!
Things that are here:
a +0 dagger; a kobold corpse A frilled lizard comes into view.
Found a scroll labelled YNIALLUMME.
The frilled lizard hisses angrily.
A hobgoblin comes into view. x2
The quokka bites you. The quokka misses you.
The quokka attacks as you move away! The quokka closely misses you.
You hit the quokka.
The quokka is almost dead.
The quokka barely misses you.
You barely miss the quokka.
The quokka is almost dead.
The quokka bites you. x2
You barely miss the quokka.
The quokka is almost dead.
The quokka bites you.
* * * LOW HITPOINT WARNING * * *
You closely miss the quokka.
The quokka is almost dead.
The hobgoblin shouts!
The frilled lizard closely misses you. The quokka bites you.
* * * LOW HITPOINT WARNING * * *
You barely miss the quokka.
The quokka is almost dead.
The frilled lizard barely misses you. The quokka bites you.
You die...

..?.g #....g.
#.....l# #......#
.#......######
.......g..l@.# ...
#.........r.# #..
#.........# #...
#.........#
###.#####$........#
..#..#.....)......#
..##..............#
..###.......#######
### ##......#


You could see a quokka, a hobgoblin and a frilled lizard.

Vanquished Creatures
  2 goblins (D:1)
  A kobold (D:1)
  A rat (D:1)
4 creatures vanquished.

Notes
Turn   | Place    | Note
-------+----------+-------------------------------------------
     0 | D:1      | RascalDebosk the Djinni Enchanter began the quest for the
                  | Orb.
     0 | D:1      | RascalDebosk set off with the following spells memorised:
                  | Ensorcelled Hibernation, Confusing Touch, Tukima's Dance,
                  | Dazzling Flash.
     0 | D:1      | Reached XP level 1. HP: 15/15 MP: 0/0
     6 | D:1      | Noticed an imperial myrmidon
     6 | D:1      | Noticed a tyrant leech
     6 | D:1      | Noticed a basilisk
     7 | D:1      | Noticed a centaur
     7 | D:1      | Noticed a hell rat
    66 | D:1      | Found a faded altar of an unknown god.
   109 | D:1      | Slain by a quokka

Illustrated notes

Levels and vault maps discovered:
D:1:      onia_arrival_zoo_common, layout_basic, shapermc_ecumenical_altar_petra

Action                     || total
---------------------------++-------
  Melee: Dagger            ||    11
   Stab: Sleeping          ||     1
 Armour: Robe              ||     1
  Dodge: Dodged            ||     6
